 Dungeon Crawl Stone Soup version 0.26-a0-259-g1effd001a9 (webtiles) character file.

Game seed: 4450281095265090388

1075 funkygono the Basher (level 8, -19/70 HPs)
             Began as a Minotaur Fighter on July 17, 2020.
             Was an Initiate of Makhleb.
             Demolished by Menkaure (22 damage)
             ... on level 5 of the Dungeon.
             The game lasted 00:09:39 (5269 turns).

funkygono the Basher (Minotaur Fighter)             Turns: 5269, Time: 00:09:39

Health: -19/70     AC:  7    Str: 23    XL:     8   Next: 8%
Magic:  7/7        EV:  9    Int:  5    God:    Makhleb [......]
Gold:   165        SH: 11    Dex: 10    Spells: 7/7 levels left

rFire    . . .     SeeInvis .   a - +0 flail
rCold    . . .     Faith    .   c - +1 kite shield
rNeg     . . .     Spirit   .   b - +0 scale mail
rPois    .         Reflect  .   (helmet restricted)
rElec    .         Harm     .   (no cloak)
rCorr    .                      (no gloves)
MR       .....                  (no boots)
Stlth    ..........             (no amulet)
HPRegen  0.21/turn              j - ring of wizardry
MPRegen  0.10/turn              r - +4 ring of slaying

@: mighty
A: retaliatory headbutt, horns 2
a: Renounce Religion


You were on level 5 of the Dungeon.
You worshipped Makhleb.
Makhleb was noncommittal.
You were not hungry.

You visited 2 branches of the dungeon, and saw 6 of its levels.
You also visited: Ossuary.

You collected 165 gold pieces.

Inventory:

Hand Weapons
 a - a +0 flail (weapon)
Missiles
 e - 41 bolts
 g - 132 stones (quivered)
 n - 63 sling bullets
Armour
 b - a +0 scale mail (worn)
 c - a +1 kite shield (worn)
Jewellery
 j - a ring of wizardry (left hand)
 r - a +4 ring of slaying (right hand)
Scrolls
 k - 2 scrolls of remove curse
 s - 2 scrolls of blinking
 u - a scroll of torment
 v - a scroll of identify
Potions
 d - a potion of might
 h - 3 potions of curing
 i - a potion of berserk rage
 l - a potion of cancellation {unknown}
 m - 2 potions of stabbing {unknown}
 o - a potion of mutation
 p - 3 potions of haste
 q - 2 potions of ambrosia
 t - 2 potions of brilliance {unknown}
 w - a potion of heal wounds {unknown}
 z - 2 potions of lignification {unknown}
Comestibles
 f - 8 rations


   Skills:
 + Level 5.7 Fighting
 + Level 8.1 Maces & Flails
 + Level 5.8 Armour
 + Level 2.2 Dodging
 + Level 0.5 Stealth
 + Level 5.4 Shields


You had 7 spell levels left.
You didn't know any spells.
Your spell library was empty.

Dungeon Overview and Level Annotations

Branches:
Dungeon (5/15)             Temple (1/1) D:5         Ossuary (visited)

Altars:
Ashenzari
Cheibriados
Dithmenos
Elyvilon
Fedhas
Hepliaklqana
Kikubaaqudgha
Makhleb
Nemelex Xobeh
Okawaru
Qazlal
Ru
Sif Muna
Trog
Uskayaw
Vehumet
Wu Jian
Xom
Yredelemnul
The Shining One

Shops:
D:5 !

Annotations:
D:5 Menkaure


Innate Abilities, Weirdness & Mutations

You reflexively headbutt those who attack you in melee.
You have a pair of horns on your head.


Message History

You block the gnoll shaman's attack. The gnoll hits you with a +0 spear.
You hit the gnoll shaman.
You kill the gnoll shaman!
Makhleb accepts your kill.
The centaur wields a +0 shortbow.
The centaur shoots an arrow.
The arrow hits you. You block the gnoll's attack. The gnoll barely misses you.
The gnoll hits you but does no damage.
You sock the gnoll!
You kill the gnoll!
Makhleb accepts your kill.
Menkaure wails, "Why can't you leave me to my rest?"
Menkaure hits you!
* * * LOW HITPOINT WARNING * * *
The gnoll closely misses you.
The gnoll hits you from afar with a +0 halberd!
* * * LOW HITPOINT WARNING * * *
You block Menkaure's attack. The gnoll closely misses you.
You hit Menkaure but do no damage. You block the gnoll's attack.
Menkaure hits you!!
You die...

.#..##.......#....# .
##.##..........#.....# .
###.###...........#..#.#
. #.......#..##.....#..#
. ##...................#
# ##........#...##....#..
##>......##..###......#
#.........#...#gg......
#........#...?@Mc>....#
#.....##..###..#)#g......
##..###...# #..###.......
### ##....#..# .......
###...... ....... ...#.∩.
....... #.##........#..
####.#####.###.


You could see Menkaure (fast), a centaur and 3 gnolls.

Vanquished Creatures
  An ice beast (D:5)
  2 centaurs (D:5)
  A bullfrog (D:4)
  A howler monkey (D:5)
  A centaur zombie (Ossuary)
  4 orc wizards
  An orc priest (D:5)
  A centaur skeleton (D:4)
  A gnoll shaman (D:5)
  A bullfrog skeleton (D:4)
  An iguana (D:5)
  Ijyb (D:4)
  Natasha (thrice) (D:4)
  A worker ant (D:4)
  A hound zombie (D:5)
  2 mummies (Ossuary)
  Robin (D:4)
  6 gnolls
  A howler monkey skeleton (D:5)
  7 adders
  An ooze (D:3)
  4 worms
  4 leopard geckos
  16 orcs
  5 bats
  3 giant cockroaches
  12 goblins
  14 hobgoblins
  6 jackals
  11 kobolds
  7 frilled lizards
  4 goblin zombies (Ossuary)
  11 hobgoblin zombies (Ossuary)
  3 jackal zombies (Ossuary)
  9 kobold zombies (Ossuary)
  7 orc zombies (Ossuary)
  5 rats
  2 rat zombies (Ossuary)
162 creatures vanquished.

Notes
Turn   | Place    | Note
-------+----------+-------------------------------------------
     0 | D:1      | funkygono the Minotaur Fighter began the quest for the Orb.
     0 | D:1      | Reached XP level 1. HP: 19/19 MP: 0/0
   197 | D:1      | Reached XP level 2. HP: 27/27 MP: 1/1
   660 | D:1      | Found a shattered altar of Ashenzari.
   932 | D:1      | Reached XP level 3. HP: 33/33 MP: 2/2
  1295 | D:2      | You fall into a shaft and drop 1 floor!
  1610 | D:2      | Reached skill level 3 in Maces & Flails
  1882 | D:2      | Found an iron altar of Okawaru.
  1900 | D:2      | Reached XP level 4. HP: 40/40 MP: 3/3
  3139 | D:4      | Reached skill level 4 in Maces & Flails
  3139 | D:4      | Reached XP level 5. HP: 29/47 MP: 4/4
  3297 | D:4      | Found a sand-covered staircase.
  3302 | D:4      | Noticed Natasha
  3306 | D:4      | Killed Natasha
  3310 | D:4      | Reached skill level 5 in Maces & Flails
  3319 | Ossuary  | Entered an ossuary
  3580 | Ossuary  | Reached XP level 6. HP: 51/53 MP: 5/5
  3700 | D:4      | Reached skill level 6 in Maces & Flails
  3700 | D:4      | Reached skill level 5 in Armour
  3737 | D:4      | Noticed Natasha
  3741 | D:4      | Killed Natasha
  3806 | D:4      | Noticed Robin
  3809 | D:4      | Noticed Natasha
  3834 | D:4      | Killed Robin
  3842 | D:4      | Killed Natasha
  3998 | D:4      | Noticed Ijyb
  4036 | D:4      | Killed Ijyb
  4036 | D:4      | Reached skill level 5 in Shields
  4089 | D:4      | Reached XP level 7. HP: 47/60 MP: 6/6
  4286 | D:4      | Reached skill level 5 in Fighting
  4286 | D:4      | Reached skill level 1 in Dodging
  4428 | D:4      | Found a shadowy altar of Dithmenos.
  4433 | D:4      | Found a blossoming altar of Fedhas.
  4434 | D:4      | Found a sacrificial altar of Ru.
  4435 | D:4      | Found an ancient bone altar of Kikubaaqudgha.
  4436 | D:4      | Found a bloodstained altar of Trog.
  4644 | D:5      | Entered Level 5 of the Dungeon
  4776 | D:5      | Reached skill level 7 in Maces & Flails
  4875 | D:5      | Found a staircase to the Ecumenical Temple.
  4894 | Temple   | Entered the Ecumenical Temple
  4898 | Temple   | Became a worshipper of Makhleb the Destroyer
  5023 | D:5      | Reached skill level 8 in Maces & Flails
  5023 | D:5      | Reached XP level 8. HP: 54/69 MP: 7/7
  5253 | D:5      | Found Foigh's Distillery.
  5259 | D:5      | Noticed Menkaure
  5268 | D:5      | HP: 3/70 [gnoll/+0 halberd (13)]
  5269 | D:5      | Demolished by Menkaure

Illustrated notes

Levels and vault maps discovered:
D:1:      wander_arrival_peaceful_grave, layout_loops_corners, ashenzari_altar_1
D:2:      layout_basic, overflow_temple_1_default
D:3:      layout_loops_corners
D:4:      layout_loops_ring, minitemple, first_ration,
          nicolae_ossuary_entry_monument, uniq_robin, uniq_ijyb, uniq_natasha
D:5:      layout_cave_pools, minmay_temple_entry_mist, serial_shops,
          nicolae_shop_stone, gammafunk_ghost_gnarly_gnolls, uniq_menkaure
Temple:   zaba_magenta_temple

Skill      XL: |  1  2  3  4  5  6  7 |
---------------+----------------------+-----
Armour         | 4 5 |  5.8
Fighting       | 4 5 |  5.7
Shields        | 4 5 |  5.4
Maces & Flails | 3 4 5 6 8 |  8.1
Dodging        | 2 |  2.2
Stealth        | |  0.5

Action                   |  1- 3 |  4- 6 |  7- 9 || total
-------------------------+-------+-------+-------++-------
Melee: Flail             |    86 |   186 |    64 ||   336
       Headbutt          |     8 |    32 |     5 ||    45
       Unarmed           |       |    32 |       ||    32
  Use: Scroll            |     4 |     8 |     4 ||    16
       Potion            |       |       |     1 ||     1
  Eat: Ration            |     1 |     2 |     1 ||     4
Armor: Scale mail        |    28 |    46 |    21 ||    95
Dodge: Dodged            |    16 |    50 |    20 ||    86
Block: Kite shield       |    42 |    92 |    37 ||   171

Table legend:
 A = Non-vault XP
 B = Vault XP
 C = Vault XP percentage of total XP
 D = Non-vault monster count
 E = Vault monster count
 F = Vault count percentage of total count
                 A         B        C        D         E       F
            +---------+---------+-------+---------+---------+-------
      Total |    1316 |     221 |  14.4 |     110 |      52 |  32.1
            +---------+---------+-------+---------+---------+-------
        D:1 |      43 |       0 |   0.0 |      26 |       0 |   0.0
        D:2 |      65 |       0 |   0.0 |      12 |       0 |   0.0
        D:3 |      71 |       0 |   0.0 |      27 |       0 |   0.0
        D:4 |     424 |     106 |  20.0 |      23 |      13 |  36.1
        D:5 |     713 |       0 |   0.0 |      22 |       0 |   0.0
    Ossuary |       0 |     115 | 100.0 |       0 |      39 | 100.0
            +---------+---------+-------+---------+---------+-------
